Map: Gresvan LE

Players

Adp - Winner!

  • Race: Terran Terran
  • Spawn Location: 5:00

A.I. 1 (Elite)

  • Race: Zerg Zerg
  • Spawn Location: 11:00

VOD

Have the link to the VOD?

Description

Time

  • Played on: July 26, 2026, 9:40 p.m.
  • Length: 33:57
Show
View Real Time Build Order
Export as new Build Order

Adp Terran - Winner!

Build Orders:  

Get SALT Encoding   

  8  0:00  SCV  
  9  0:12  SCV  
  10  0:25  SCV  
  11  0:31  Supply Depot  
  11  0:37  SCV  
  12  0:49  SCV  
  13  0:56  Barracks  
  13  1:01  SCV  
  14  1:13  SCV  
  15  1:25  SCV  
  16  1:37  SCV  
  17  1:49  Command Center, Orbital Command  
  17  1:53  Marine  
  18  2:01  Refinery  
  18  2:11  Marine  
  18  2:14  Supply Depot  
  19  2:18  SCV  
  20  2:31  Marine  
  20  2:36  SCV  
  22  2:40  Barracks  
  22  2:48  SCV  
  22  2:49  Marine  
  22  2:50  Refinery  
  24  3:01  SCV  
  25  3:05  Orbital Command  
  25  3:11  Barracks Reactor  
  25  3:16  SCV  
  26  3:28  SCV  
  26  3:33  SCV  
  28  3:38  Barracks Tech Lab  
  28  3:39  Factory  
  28  3:40  SCV  
  29  3:43  Supply Depot  
  29  3:45  SCV  
  30  3:51  Marine x2  
  30  3:53  SCV  
  33  3:57  SCV  
  33  3:58  Marauder  
  36  4:02  Combat Shield  
  36  4:05  SCV  
  36  4:07  Supply Depot  
  36  4:09  Marine x2, SCV  
  40  4:17  SCV  
  40  4:21  SCV  
  40  4:22  Marauder  
  44  4:24  Factory Tech Lab  
  44  4:26  Marine  
  44  4:27  Marine  
  44  4:29  SCV  
  47  4:33  SCV  
  47  4:35  Refinery  
  48  4:38  Supply Depot  
  48  4:41  SCV  
  48  4:43  Marauder  
  48  4:44  Marine x2  
  54  4:45  SCV  
  54  4:47  Siege Tank  
  57  4:56  SCV  
  58  5:00  SCV  
  58  5:01  Supply Depot  
  58  5:06  Marine x2  
  61  5:07  Marauder  
  61  5:10  SCV  
  61  5:12  SCV  
  65  5:16  Refinery  
  65  5:22  Supply Depot  
  65  5:23  Siege Tank  
  65  5:25  Supply Depot  
  65  5:27  Marine x2  
  70  5:30  Marauder  
  72  5:40  SCV x2  
  74  5:45  Marine x2, Supply Depot  
  74  5:48  Supply Depot  
  76  5:52  SCV  
  76  5:53  SCV  
  78  5:58  Command Center  
  78  6:02  Siege Tank  
  83  6:04  Marauder  
  83  6:05  Stimpack  
  83  6:06  Marine x2  
  83  6:10  Supply Depot  
  83  6:11  Supply Depot  
  85  6:12  SCV  
  86  6:28  Starport  
  88  6:33  Marauder, Marine x2, Engineering Bay  
  88  6:39  Siege Tank  
  93  6:43  SCV x2  
  95  6:50  Supply Depot  
  95  6:51  Marine x2  
  99  6:54  Marauder  
  99  6:59  Engineering Bay  
  99  7:11  Starport Reactor  
  99  7:15  Sensor Tower  
  99  7:17  Refinery  
  99  7:18  Planetary Fortress  
  99  7:19  SCV x2  
  99  7:22  Supply Depot  
  101  7:23  Supply Depot  
  101  7:25  Marine x2  
  101  7:26  Armory, Marauder, Siege Tank  
  101  7:29  Terran Infantry Weapons Level 1  
  108  7:31  Terran Infantry Armor Level 1, SCV  
  109  7:43  SCV  
  109  7:44  SCV, Concussive Shells  
  111  7:53  Liberator  
  111  7:54  Liberator  
  111  7:55  SCV  
  118  7:59  SCV  
  118  8:00  SCV  
  122  8:06  Marauder  
  122  8:08  SCV  
  122  8:12  SCV x2  
  125  8:13  Barracks  
  125  8:16  Supply Depot  
  125  8:19  Supply Depot  
  125  8:24  Thor  
  131  8:33  Terran Ship Weapons Level 1  
  131  8:36  Medivac  
  131  8:37  Medivac  
  131  8:39  SCV x3  
  138  8:51  SCV  
  138  8:54  Command Center  
  139  9:02  Barracks  
  139  9:06  Medivac  
  139  9:07  Medivac  
  143  9:15  SCV  
  143  9:16  SCV x2  
  143  9:17  Refinery  
  145  9:28  SCV  
  146  10:04  Terran Infantry Weapons Level 2  
  146  10:05  Terran Infantry Armor Level 2  
  146  10:07  Barracks Reactor  
  146  10:08  Barracks Tech Lab  
  146  10:18  Liberator x2  
  152  10:24  Starport  
  152  10:28  Thor  
  152  10:30  Terran Ship Weapons Level 2  
  158  10:52  Marauder x2  
  158  10:53  Marine x4  
  166  11:01  Liberator x2  
  172  11:10  Marine x2  
  174  11:59  Missile Turret  
  171  12:09  Starport Reactor  
  171  12:10  Missile Turret  
  171  12:27  Marine  
  171  12:28  Marine x3  
  179  12:30  Marauder x2  
  179  12:31  Thor  
  179  12:32  Missile Turret  
  118  13:42  Marauder x2, Marine  
  118  13:43  Marine x3  
  118  13:45  Thor  
  132  13:51  Terran Infantry Weapons Level 3  
  132  14:00  Marine x4  
  136  14:02  Marine  
  136  14:06  Barracks, Medivac x2  
  141  14:13  Terran Infantry Armor Level 3  
  141  14:18  Marine x4, Planetary Fortress  
  147  14:24  Marauder  
  147  14:25  Marauder  
  147  14:28  Thor  
  155  14:36  Marine x4  
  159  14:40  Factory  
  161  14:45  Marauder  
  161  14:46  Marauder  
  163  14:53  Marine  
  163  14:54  Marine x2  
  168  15:07  Marauder  
  168  15:08  Marauder  
  168  15:10  Barracks Reactor  
  168  15:11  Hellbat  
  168  15:12  Marine x2  
  174  15:18  Command Center, Barracks  
  176  15:28  Marauder  
  171  15:39  Medivac x2  
  175  16:11  Barracks Tech Lab  
  175  16:12  Marine x4  
  175  16:13  Marine x4  
  183  16:19  Terran Vehicle Weapons Level 1  
  183  16:24  Refinery  
  183  16:26  Refinery  
  183  16:29  Thor  
  183  16:30  Marine  
  182  17:04  Marauder  
  182  17:05  Marine x6, Marauder x2  
  194  17:17  Missile Turret  
  194  17:22  Marine  
  194  17:23  Marine x2  
  194  17:26  Marauder  
  87  18:29  Viking  
  87  18:30  Viking x3  
  95  18:43  Marine x2  
  95  18:44  Marine x2  
  95  18:45  Marauder x3, Marine  
  106  18:52  Marine  
  101  18:59  Viking  
  101  19:01  Marine x3  
  101  19:02  Marine  
  107  19:03  Marine  
  107  19:05  Terran Vehicle Weapons Level 2  
  107  19:06  Marauder x3  
  107  19:09  Marine  
  115  19:19  Marine x3  
  115  19:20  Command Center  
  115  19:21  Command Center  
  118  19:26  Marine x2  
  118  19:27  Marine, Marauder  
  118  19:28  Marauder x2  
  127  19:32  Thor  
  127  19:37  Marine x3  
  136  19:44  Marine x2  
  138  19:49  Marauder x2  
  109  20:03  Marine x6  
  104  20:10  Marauder  
  104  20:11  Viking x4, Marauder  
  111  20:20  Marine  
  111  20:21  Marine x5  
  116  20:32  Marauder x3  
  120  20:38  Factory Tech Lab, Marine  
  120  20:39  Marine x5  
  120  20:40  Viking  
  120  20:41  Viking, Widow Mine  
  132  20:52  Viking  
  132  20:53  Marauder x3, Viking  
  132  20:57  Marine x3  
  142  20:58  Marine x3  
  142  21:03  Widow Mine, Thor  
  156  21:10  Medivac  
  156  21:11  Medivac  
  160  21:14  Marine x2, Marauder  
  160  21:15  Marine x3, Marauder  
  160  21:16  Marine, Planetary Fortress  
  170  21:21  Terran Ship Weapons Level 3, Supply Depot  
  170  21:22  Medivac  
  170  21:23  Medivac  
  170  21:24  Widow Mine  
  176  21:32  Marine  
  176  21:36  Marauder  
  179  21:45  Supply Depot  
  179  21:54  Marine x4, Marauder x2  
  183  21:57  Marauder  
  183  21:58  Planetary Fortress  
  189  22:03  Supply Depot  
  189  22:08  Supply Depot  
  189  22:15  Marauder x2  
  193  22:25  Supply Depot  
  174  22:48  Supply Depot  
  113  24:04  Marine x6, Marauder x3  
  119  24:22  Marine x6  
  123  24:25  Marine x3  
  120  24:39  Marine  
  120  24:40  Marine x5  
  120  24:43  Marine, Marauder x2  
  128  24:57  Marine  
  128  24:58  Marine x3  
  129  25:04  Marine x2, Marauder x2  
  129  25:05  Marauder  
  134  25:15  Marine  
  134  25:16  Marine x2  
  137  25:21  Viking x2  
  137  25:22  Viking x2  
  142  25:51  Viking x2  
  142  25:52  Viking x2  
  124  26:30  Marine x2, Marauder x2  
  124  26:31  Marine x5  
  135  26:48  Marine x3  
  135  26:49  Marine x4  
  135  26:51  Marine x2  
  139  27:06  Marine x7  
  131  27:09  Marine  
  131  27:11  Marauder  
  121  27:24  Marine x4  
  121  27:25  Marauder  
  121  27:28  Marine, Marauder  
  121  27:29  Marine  
  131  27:32  Marauder  
  133  27:41  Marine x2  
  133  27:42  Marine x2  
  135  27:46  Marine x2, Marauder  
  135  27:49  Marine  
  137  27:53  Marine  
  138  27:59  Marine x2  
  138  28:00  Marine x2  
  138  28:19  Marauder x3, Marine x6  
  148  28:22  Thor  
  154  28:27  Viking  
  154  28:28  Viking  
  154  28:29  Medivac  
  154  28:30  Medivac  
  162  28:37  Marine x6  
  162  28:39  Marine  
  162  28:40  Marine x2  
  167  28:54  Marine  
  167  28:55  Marine x2  
  170  28:57  Medivac  
  170  28:58  Marauder x2  
  176  29:04  Thor  
  173  29:49  Marauder x3, Marine x6  
  173  29:51  Thor  
  189  30:07  Marine x6  
  189  30:10  Marine x2, Marauder  
  194  30:24  Marine  
  194  30:25  Marine  
  194  30:46  Marauder x3  
  187  31:19  Marauder x3, Marine x3  
  187  31:20  Marine x3  
  192  31:37  Marine x4  
  196  31:40  Marauder  
Show
View Real Time Build Order
Export as new Build Order

A.I. 1 (Elite) Zerg 

Build Orders: Pool First 

Get SALT Encoding   

  8  0:00  Drone  
  9  0:11  Drone  
  10  0:16  Drone  
  11  0:21  Drone  
  12  0:33  Overlord  
  12  0:51  Drone x3  
  15  1:01  Drone  
  16  1:11  Drone  
  17  1:15  Spawning Pool  
  16  1:21  Drone  
  17  1:39  Hatchery  
  16  1:41  Drone  
  16  1:45  Extractor  
  16  1:47  Extractor  
  16  1:50  Drone  
  16  1:53  Drone  
  17  2:00  Drone  
  18  2:10  Drone  
  19  2:20  Overlord  
  19  2:37  Queen  
  19  2:38  Zergling x2  
  19  2:40  Drone  
  23  3:02  Queen  
  23  3:04  Drone  
  26  3:09  Drone  
  27  3:13  Drone  
  27  3:17  Drone  
  29  3:30  Roach Warren  
  29  3:31  Drone  
  29  3:35  Drone  
  29  3:37  Zergling x2  
  29  3:41  Zergling x2  
  32  3:46  Overlord  
  32  4:04  Drone x2  
  34  4:12  Roach x3  
  40  4:18  Lair  
  40  4:22  Overlord  
  40  4:28  Overlord  
  40  4:40  Zergling x6, Roach, Drone x2  
  40  4:42  Drone  
  48  4:46  Drone  
  48  4:47  Drone  
  48  4:51  Overlord  
  50  4:56  Roach  
  50  4:59  Roach  
  54  5:10  Drone  
  54  5:13  Overlord  
  55  5:16  Drone  
  55  5:18  Drone  
  55  5:20  Drone, Hydralisk Den  
  57  5:22  Drone  
  57  5:24  Drone  
  57  5:26  Drone  
  57  5:28  Drone  
  61  5:30  Drone  
  61  5:34  Overlord  
  62  5:36  Drone  
  62  5:38  Drone  
  62  5:40  Drone  
  65  5:43  Drone  
  65  5:46  Drone  
  65  5:48  Drone x2  
  65  5:49  Drone  
  70  5:51  Hydralisk  
  70  5:52  Hydralisk  
  70  5:55  Overlord  
  74  5:58  Hydralisk  
  74  6:01  Hydralisk  
  74  6:03  Drone  
  79  6:14  Roach, Overlord  
  79  6:15  Infestation Pit  
  79  6:17  Drone  
  79  6:18  Roach  
  83  6:26  Metabolic Boost  
  83  6:28  Evolution Chamber, Drone  
  83  6:34  Hatchery  
  82  6:44  Ravager  
  82  6:45  Evolution Chamber  
  82  6:46  Drone  
  83  6:48  Overlord  
  83  6:50  Roach  
  83  6:52  Infestor  
  83  6:54  Evolution Chamber, Zerg Ground Armor Level 1, Drone  
  86  6:56  Infestor  
  89  7:04  Extractor, Drone  
  89  7:07  Ravager  
  90  7:09  Extractor  
  90  7:10  Drone, Zerg Missile Weapons Level 1  
  90  7:19  Overseer, Zerg Melee Weapons Level 1  
  90  7:20  Overlord, Roach  
  90  7:22  Spine Crawler  
  91  7:26  Drone x3  
  91  7:28  Hydralisk  
  96  7:31  Drone x3  
  96  7:35  Hydralisk  
  101  7:38  Overlord  
  101  7:39  Hydralisk  
  103  7:44  Hydralisk  
  103  7:46  Drone  
  103  7:47  Drone x3  
  103  7:50  Drone  
  110  7:51  Drone x2  
  110  7:52  Drone, Extractor  
  110  7:55  Drone  
  110  7:57  Drone  
  114  7:58  Overlord  
  114  7:59  Drone x2  
  114  8:01  Drone  
  117  8:05  Drone  
  117  8:07  Drone  
  117  8:11  Drone  
  117  8:12  Glial Reconstitution  
  120  8:15  Drone  
  120  8:17  Drone  
  122  8:20  Overlord  
  122  8:21  Pneumatized Carapace  
  122  8:22  Infestor, Drone  
  122  8:23  Roach  
  122  8:25  Drone  
  128  8:28  Drone  
  128  8:30  Drone x2  
  131  8:35  Infestor  
  131  8:36  Spine Crawler  
  131  8:38  Overlord  
  131  8:39  Drone  
  133  8:42  Queen  
  135  8:49  Extractor  
  135  8:50  Drone  
  135  8:52  Zerg Ground Armor Level 2  
  135  8:58  Overlord  
  135  9:02  Roach  
  137  9:04  Roach  
  137  9:07  Zerg Missile Weapons Level 2  
  139  9:12  Hatchery, Drone  
  139  9:14  Spore Crawler, Drone  
  139  9:15  Spore Crawler  
  139  9:16  Overlord, Drone  
  139  9:17  Zerg Melee Weapons Level 2, Spine Crawler  
  139  9:19  Drone  
  139  9:26  Roach  
  139  9:28  Hydralisk  
  142  9:31  Hydralisk  
  142  9:34  Neural Parasite  
  142  9:36  Queen  
  142  9:37  Overlord  
  146  9:41  Lurker Den  
  146  9:43  Drone  
  144  9:46  Zergling x4  
  144  9:49  Roach, Zergling x6  
  144  9:51  Baneling Nest  
  141  9:53  Ravager, Drone  
  141  9:56  Spine Crawler  
  141  9:57  Drone  
  141  9:58  Spine Crawler  
  141  9:59  Drone  
  139  10:01  Infestor  
  141  10:10  Infestor  
  141  10:12  Roach, Spine Crawler  
  144  10:14  Spore Crawler, Drone  
  144  10:20  Spine Crawler, Roach  
  145  10:22  Roach  
  145  10:23  Roach  
  145  10:24  Drone x2  
  145  10:28  Extractor  
  150  10:29  Drone  
  150  10:33  Extractor, Drone  
  151  10:35  Baneling  
  151  10:36  Baneling x2, Zergling x2, Hatchery, Drone  
  151  10:37  Baneling x2, Zergling x2  
  151  10:38  Baneling x4, Zergling x4, Overlord  
  151  10:39  Baneling x3, Zergling x2, Lurker  
  151  10:40  Zergling x2  
  158  10:42  Spore Crawler  
  158  10:43  Drone  
  158  10:45  Spore Crawler  
  158  10:46  Drone  
  158  10:48  Spore Crawler, Drone  
  158  10:49  Hydralisk  
  160  10:56  Lurker  
  160  10:57  Overseer x2  
  161  10:58  Spine Crawler  
  161  11:00  Drone, Centrifugal Hooks  
  161  11:07  Hydralisk  
  161  11:08  Overlord  
  163  11:11  Baneling  
  163  11:33  Hive  
  163  11:37  Spine Crawler  
  163  11:39  Drone  
  163  11:49  Queen  
  165  11:58  Extractor  
  165  11:59  Drone, Extractor  
  164  12:02  Drone  
  164  12:05  Hatchery  
  164  12:07  Drone  
  165  12:17  Spire  
  165  12:18  Drone  
  165  12:23  Spine Crawler  
  165  12:25  Drone  
  165  12:30  Spine Crawler  
  165  12:31  Drone, Spore Crawler  
  165  12:33  Drone, Spine Crawler  
  165  12:35  Drone  
  165  12:36  Spore Crawler  
  164  12:37  Drone  
  164  12:38  Zergling x2, Spine Crawler  
  164  12:39  Zergling x2  
  164  12:40  Drone, Spine Crawler  
  164  12:42  Drone  
  164  12:43  Spine Crawler  
  150  12:44  Zergling x2  
  150  12:45  Drone  
  150  12:46  Viper  
  150  12:49  Zergling x2  
  145  12:52  Infestor  
  145  12:55  Baneling  
  145  12:56  Baneling x5, Zergling x4  
  145  12:57  Zergling x2, Baneling  
  145  12:58  Baneling x2, Zergling x2, Adrenal Glands  
  145  12:59  Zerg Ground Armor Level 3, Zerg Melee Weapons Level 3  
  145  13:00  Baneling  
  145  13:01  Zergling x6, Baneling x4  
  145  13:03  Baneling x2, Zergling x2  
  149  13:08  Infestor  
  149  13:11  Infestor  
  153  13:17  Spore Crawler  
  153  13:18  Zergling x2, Drone  
  135  13:21  Hydralisk x2, Spore Crawler, Drone  
  135  13:23  Zergling x2, Corruptor  
  135  13:24  Spore Crawler  
  135  13:25  Spore Crawler, Drone, Greater Spire  
  135  13:26  Drone  
  129  13:27  Corruptor  
  129  13:29  Zergling x2  
  129  13:30  Zergling x2  
  129  13:32  Zergling x2  
  129  13:33  Zergling x2  
  129  13:34  Baneling  
  129  13:35  Baneling  
  129  13:37  Zergling x2  
  129  13:41  Corruptor  
  130  13:42  Baneling  
  130  13:44  Corruptor  
  130  13:48  Corruptor  
  136  13:53  Infestor  
  136  13:55  Infestor  
  140  13:57  Roach  
  140  14:01  Spine Crawler  
  140  14:02  Drone  
  142  14:03  Spine Crawler  
  142  14:04  Drone  
  142  14:06  Hydralisk  
  144  14:15  Queen  
  144  14:16  Viper  
  149  14:24  Spore Crawler, Drone  
  149  14:29  Infestor  
  149  14:30  Ravager x2, Infestor, Hydralisk, Roach  
  149  14:31  Roach  
  161  14:35  Zerg Missile Weapons Level 3  
  161  14:36  Roach  
  161  14:37  Brood Lord x2  
  167  14:42  Hatchery  
  167  14:43  Drone  
  167  14:46  Corruptor  
  167  14:50  Corruptor  
  171  15:03  Roach  
  171  15:04  Spore Crawler  
  171  15:05  Drone  
  171  15:06  Spore Crawler  
  172  15:07  Roach, Drone  
  172  15:10  Hydralisk  
  172  15:12  Hydralisk  
  179  15:14  Hydralisk  
  179  15:16  Hydralisk  
  179  15:18  Corruptor  
  179  15:19  Brood Lord  
  187  15:24  Zergling x2  
  187  15:26  Mutalisk x3  
  189  15:28  Zergling x2  
  189  15:33  Spine Crawler  
  189  15:35  Drone  
  186  15:39  Baneling, Zergling x2  
  186  15:40  Baneling x4, Tunneling Claws, Zergling x2  
  186  15:41  Burrow, Spine Crawler, Brood Lord  
  186  15:42  Drone  
  190  15:43  Zergling x2, Spore Crawler, Baneling  
  190  15:44  Baneling  
  190  15:45  Drone  
  190  15:46  Zergling x2  
  190  15:47  Baneling x2  
  190  15:48  Zergling x2  
  190  15:49  Baneling x2  
  193  15:50  Zergling x2  
  193  15:51  Baneling x2  
  193  15:53  Zergling x2, Baneling  
  193  15:56  Brood Lord  
  197  15:59  Corruptor  
  199  16:06  Zerg Flyer Weapons Level 1  
  199  16:15  Spore Crawler  
  199  16:16  Brood Lord  
  200  16:22  Spore Crawler, Drone  
  200  16:24  Spore Crawler  
  200  16:25  Drone  
  200  16:34  Drone  
  200  16:39  Zergling x2  
  199  16:44  Zergling x2  
  198  16:48  Zergling x2  
  198  16:51  Baneling  
  198  16:52  Baneling x3, Zergling x2  
  198  16:53  Baneling x3  
  200  16:54  Hatchery, Zergling x2  
  200  16:56  Baneling, Spore Crawler  
  200  16:57  Drone  
  200  17:00  Spore Crawler  
  200  17:01  Drone  
  199  17:21  Spine Crawler  
  199  17:22  Drone  
  199  17:24  Roach  
  199  17:25  Spore Crawler, Drone x2  
  199  17:28  Spore Crawler, Zergling x2  
  200  17:30  Drone, Zergling x4  
  200  17:31  Zergling x4  
  200  17:32  Zergling x6, Corruptor  
  200  17:35  Zergling x2  
  191  17:38  Queen  
  191  17:43  Roach  
  180  17:44  Roach  
  180  17:46  Roach  
  180  17:49  Roach  
  180  17:51  Hydralisk  
  169  17:52  Mutalisk  
  169  17:53  Drone, Roach  
  169  17:54  Infestor  
  169  17:57  Infestor  
  168  18:00  Hydralisk  
  168  18:02  Hydralisk, Overseer  
  168  18:04  Zergling x2  
  151  18:08  Baneling  
  151  18:10  Hatchery  
  151  18:11  Drone  
  145  18:12  Baneling  
  145  18:13  Zergling x2, Spine Crawler  
  145  18:14  Drone  
  145  18:15  Infestor, Spine Crawler  
  145  18:16  Baneling x3  
  145  18:17  Drone, Baneling x3, Zerg Flyer Weapons Level 2  
  145  18:18  Zergling x2  
  145  18:19  Brood Lord  
  145  18:20  Spore Crawler  
  145  18:21  Drone  
  145  18:22  Corruptor  
  145  18:23  Zergling x2  
  145  18:25  Zergling x2  
  147  18:27  Corruptor  
  147  18:29  Spore Crawler  
  147  18:30  Drone  
  149  18:35  Infestor  
  149  18:36  Infestor  
  149  18:37  Infestor, Hydralisk  
  149  18:38  Roach  
  149  18:39  Viper  
  162  18:41  Viper  
  162  18:42  Infestor  
  162  18:44  Overlord, Infestor  
  162  18:45  Ravager  
  162  18:47  Roach, Ravager  
  161  18:49  Roach  
  161  18:51  Roach  
  161  18:52  Roach  
  167  18:57  Roach  
  167  18:58  Spore Crawler  
  167  18:59  Drone, Brood Lord  
  167  19:00  Spore Crawler  
  167  19:01  Corruptor  
  167  19:02  Drone  
  173  19:05  Brood Lord  
  173  19:08  Corruptor  
  177  19:13  Hydralisk  
  177  19:16  Hydralisk  
  181  19:18  Hydralisk  
  181  19:20  Hydralisk  
  181  19:23  Corruptor  
  187  19:27  Corruptor  
  187  19:31  Spine Crawler  
  188  19:33  Drone  
  188  19:35  Queen  
  191  19:39  Corruptor, Brood Lord  
  191  19:40  Roach  
  195  19:46  Corruptor, Brood Lord  
  195  19:49  Zergling x6  
  195  19:50  Zergling x2  
  195  19:51  Zergling x2  
  195  19:52  Zergling x2  
  189  19:53  Zergling x4  
  189  19:55  Zergling x2  
  189  19:56  Zergling x2  
  189  19:57  Roach  
  189  19:59  Roach  
  167  20:01  Mutalisk  
  167  20:03  Roach  
  167  20:04  Roach  
  167  20:06  Mutalisk  
  146  20:08  Mutalisk  
  146  20:10  Baneling, Zergling x2  
  146  20:12  Infestor  
  144  20:18  Infestor  
  144  20:21  Hydralisk, Overlord  
  142  20:24  Hydralisk  
  142  20:26  Roach  
  142  20:28  Roach, Brood Lord  
  152  20:33  Corruptor  
  154  20:37  Extractor  
  154  20:38  Drone  
  154  20:40  Overlord, Extractor  
  154  20:41  Drone  
  154  20:43  Brood Lord  
  154  20:49  Corruptor  
  158  20:51  Extractor  
  158  20:52  Drone  
  158  20:53  Extractor  
  158  20:54  Drone  
  158  20:58  Hatchery  
  158  21:00  Overlord, Brood Lord, Drone  
  160  21:06  Corruptor  
  160  21:10  Overseer  
  162  21:13  Overseer  
  162  21:23  Brood Lord  
  162  21:24  Spine Crawler  
  162  21:25  Drone, Spore Crawler  
  164  21:26  Drone  
  164  21:28  Spine Crawler, Corruptor, Drone, Overlord  
  164  21:29  Spore Crawler  
  164  21:31  Drone  
  166  21:36  Brood Lord  
  166  21:38  Baneling x2, Zergling x2  
  166  21:39  Baneling  
  169  21:40  Baneling, Zergling x2  
  169  21:41  Baneling  
  169  21:45  Corruptor  
  172  21:51  Overlord, Brood Lord  
  174  21:55  Corruptor  
  174  21:59  Zergling x2  
  177  22:02  Zergling x2  
  177  22:04  Baneling  
  177  22:05  Baneling x2, Zergling x2  
  177  22:07  Baneling  
  179  22:10  Zergling x2, Queen  
  179  22:11  Viper  
  185  22:23  Zerg Flyer Weapons Level 3  
  185  22:29  Spore Crawler  
  180  22:30  Zergling x2, Drone  
  180  22:31  Zergling x2  
  180  22:35  Viper  
  180  22:36  Zergling x2  
  183  22:37  Baneling  
  183  22:38  Baneling  
  183  22:40  Mutalisk  
  183  22:41  Zergling x4  
  183  22:42  Zergling x2  
  183  22:43  Zergling x2  
  184  22:45  Mutalisk  
  184  22:49  Mutalisk  
  184  22:51  Zergling x2  
  188  22:53  Hatchery  
  188  22:54  Baneling, Zergling x2, Mutalisk, Drone  
  188  22:55  Baneling  
  188  22:56  Baneling x2, Zergling x2  
  188  22:57  Roach  
  188  22:58  Baneling, Roach, Zergling x2  
  176  22:59  Roach  
  176  23:00  Roach  
  176  23:02  Hydralisk  
  176  23:04  Hydralisk  
  158  23:06  Hydralisk  
  158  23:09  Hydralisk  
  158  23:10  Extractor  
  158  23:12  Drone  
  150  23:13  Baneling x2, Zergling x2  
  150  23:16  Overseer  
  150  23:17  Baneling  
  147  23:21  Baneling, Zergling x2  
  147  23:24  Extractor, Drone  
  147  23:26  Overlord  
  148  23:32  Mutalisk  
  150  23:34  Baneling  
  150  23:35  Baneling x2, Zergling x2  
  150  23:38  Roach x2  
  151  23:42  Mutalisk  
  151  23:45  Overlord  
  153  23:49  Mutalisk  
  153  23:51  Zergling x4  
  153  23:52  Zergling x6  
  153  23:53  Zergling x6  
  153  23:55  Spine Crawler  
  138  23:56  Roach, Drone  
  138  23:57  Roach, Zergling x2  
  138  23:59  Roach x2  
  138  24:01  Corruptor  
  129  24:04  Spore Crawler, Drone  
  129  24:05  Queen  
  129  24:06  Overseer  
  129  24:07  Zergling x2, Spine Crawler  
  129  24:09  Hydralisk, Drone  
  123  24:11  Spore Crawler  
  123  24:12  Zergling x2, Drone, Hydralisk  
  123  24:15  Hydralisk  
  123  24:18  Zergling x2  
  123  24:19  Zergling x2  
  123  24:20  Zergling x2  
  123  24:21  Corruptor, Zergling x2  
  123  24:23  Hydralisk, Spine Crawler  
  123  24:24  Drone  
  125  24:27  Spine Crawler  
  125  24:28  Drone x2, Mutalisk  
  125  24:30  Hydralisk  
  122  24:32  Drone, Overseer  
  122  24:33  Zergling x2  
  122  24:35  Roach x2  
  122  24:38  Roach  
  123  24:40  Hydralisk  
  123  24:42  Hydralisk  
  123  24:43  Corruptor  
  123  24:45  Zergling x2  
  123  24:47  Zergling x2  
  123  24:49  Mutalisk  
  123  24:51  Zergling x2  
  125  24:54  Zergling x2  
  125  24:55  Roach  
  125  24:56  Zergling x4  
  125  24:57  Roach, Zergling x2  
  125  24:59  Hydralisk, Spore Crawler, Zergling x2  
  123  25:00  Drone, Hydralisk, Zergling x2  
  123  25:01  Zergling x2  
  123  25:04  Mutalisk  
  123  25:07  Baneling, Zergling x2  
  126  25:08  Baneling x2, Zergling x2  
  126  25:09  Hydralisk  
  127  25:17  Drone  
  127  25:18  Corruptor, Drone  
  127  25:21  Drone, Baneling  
  129  25:23  Baneling, Zergling x2  
  129  25:25  Zergling x2, Drone x2  
  129  25:26  Baneling, Brood Lord  
  129  25:27  Drone x2  
  129  25:28  Drone  
  131  25:29  Drone  
  131  25:33  Corruptor  
  131  25:34  Drone x2  
  132  25:41  Drone x2  
  132  25:42  Drone x2, Overseer  
  128  25:48  Zergling x4  
  128  25:49  Zergling x2  
  128  25:50  Zergling x4  
  128  25:51  Zergling x2, Drone  
  128  25:52  Zergling x4  
  128  25:53  Zergling x2  
  128  25:57  Zergling x2, Baneling  
  119  25:58  Roach  
  119  26:00  Roach, Drone  
  119  26:02  Roach  
  117  26:04  Roach  
  117  26:05  Drone  
  117  26:07  Drone  
  117  26:08  Hydralisk  
  117  26:09  Zergling x2  
  117  26:10  Zergling x2  
  109  26:13  Hydralisk  
  109  26:14  Drone  
  109  26:18  Hydralisk  
  111  26:21  Brood Lord  
  111  26:22  Hydralisk  
  117  26:30  Spore Crawler, Overseer  
  117  26:31  Drone  
  117  26:32  Spore Crawler  
  116  26:33  Drone  
  116  26:36  Corruptor  
  119  26:45  Corruptor  
  119  26:46  Overlord  
  121  26:49  Roach  
  121  26:55  Overseer  
  121  27:00  Zergling x2  
  121  27:01  Zergling x2  
  121  27:02  Zergling x2  
  121  27:03  Zergling x2  
  121  27:04  Zergling x2, Overlord  
  117  27:09  Zergling x2, Hydralisk  
  117  27:10  Zergling x4  
  117  27:11  Zergling x4, Roach  
  117  27:14  Roach  
  107  27:16  Roach  
  107  27:18  Roach  
  107  27:19  Roach  
  109  27:23  Hydralisk  
  109  27:24  Corruptor, Zergling x2  
  109  27:25  Zergling x2  
  109  27:26  Roach, Zergling x2  
  109  27:27  Zergling x4  
  111  27:30  Zergling x2  
  111  27:31  Zergling x4  
  111  27:32  Zergling x2  
  111  27:33  Zergling x2  
  111  27:35  Queen  
  111  27:36  Hydralisk  
  111  27:39  Roach  
  111  27:43  Hydralisk  
  113  27:45  Zergling x2  
  113  27:46  Roach, Zergling x2  
  113  27:48  Zergling x2  
  113  27:50  Roach, Zergling x2  
  113  27:51  Roach, Zergling x4  
  113  27:52  Zergling x2  
  113  27:54  Zergling x2  
  113  27:55  Hydralisk  
  113  27:56  Zergling x2  
  113  27:57  Queen, Zergling x2  
  115  28:00  Corruptor  
  115  28:01  Overseer  
  113  28:08  Zergling x2  
  113  28:09  Zergling x4  
  113  28:10  Zergling x2  
  113  28:11  Zergling x2, Roach  
  111  28:13  Queen  
  111  28:14  Roach, Zergling x2  
  111  28:15  Zergling x2  
  111  28:16  Spore Crawler  
  111  28:18  Roach, Drone  
  111  28:19  Zergling x4, Roach  
  109  28:20  Zergling x2  
  109  28:22  Hydralisk  
  109  28:27  Hydralisk, Overlord  
  109  28:28  Baneling  
  109  28:29  Zergling x2, Baneling  
  109  28:30  Hydralisk x2, Overseer  
  116  28:36  Corruptor  
  116  28:38  Zergling x2  
  116  28:39  Zergling x2  
  116  28:41  Zergling x2  
  116  28:42  Roach x2  
  116  28:45  Zergling x8  
  116  28:46  Zergling x4, Overlord  
  114  28:49  Roach x2  
  114  28:53  Zergling x2  
  114  28:55  Corruptor  
  113  28:59  Hydralisk, Zergling x2  
  113  29:00  Zergling x2  
  111  29:03  Zergling x2  
  111  29:04  Hydralisk, Queen, Zergling x2  
  111  29:06  Zergling x2  
  111  29:07  Zergling x2  
  111  29:09  Zergling x4, Roach  
  110  29:10  Roach, Zergling x2  
  110  29:13  Hydralisk  
  111  29:18  Hydralisk, Zergling x4  
  111  29:20  Zergling x2  
  111  29:21  Roach, Zergling x2  
  111  29:23  Overlord, Roach  
  112  29:25  Zergling x2, Drone  
  112  29:27  Hydralisk  
  112  29:28  Zergling x2  
  112  29:30  Zergling x2  
  111  29:31  Zergling x2  
  111  29:32  Roach  
  111  29:33  Zergling x4  
  111  29:37  Overseer  
  111  29:38  Drone, Roach  
  109  29:41  Hydralisk, Zergling x2  
  109  29:42  Zergling x2  
  109  29:44  Zergling x2, Hydralisk  
  111  29:50  Roach, Corruptor, Overlord  
  113  29:56  Zergling x2  
  113  29:59  Corruptor  
  115  30:02  Roach  
  115  30:04  Zergling x2  
  115  30:05  Drone, Zergling x2  
  115  30:06  Zergling x6, Hydralisk  
  115  30:07  Zergling x2  
  115  30:09  Zergling x6, Drone x3  
  115  30:10  Drone x2, Roach  
  115  30:12  Roach  
  115  30:13  Drone  
  106  30:15  Roach, Drone x4  
  106  30:18  Drone x5  
  106  30:19  Drone  
  106  30:20  Hydralisk  
  111  30:24  Hydralisk  
  111  30:27  Drone, Zergling x2  
  111  30:28  Zergling x4  
  112  30:29  Zergling x2  
  112  30:31  Hydralisk  
  112  30:32  Zergling x2  
  112  30:34  Zergling x4, Hydralisk  
  112  30:35  Zergling x2  
  111  30:36  Zergling x2  
  111  30:38  Zergling x2, Overlord  
  111  30:39  Roach  
  111  30:41  Overseer  
  109  30:45  Roach  
  109  30:46  Roach  
  103  30:50  Roach  
  103  30:52  Zergling x4  
  103  30:53  Zergling x6  
  103  30:55  Zergling x2  
  103  31:03  Overlord  
  100  31:10  Overseer  
  86  31:21  Overlord  
  86  31:22  Overlord  
  81  31:27  Overlord  
  81  31:30  Overlord  
  81  31:34  Overlord  
  81  31:37  Overlord x2  
  81  31:38  Overlord  
  80  31:49  Hatchery  
  79  31:56  Hatchery  
  78  32:02  Overlord  
  78  32:06  Overlord  
  77  32:23  Drone  
  77  32:24  Overlord, Drone x2  
  78  32:32  Drone  
  78  32:33  Drone  
  78  32:35  Drone x5  
  78  32:36  Drone x5  
  76  32:40  Drone x3  
  76  32:41  Drone x2  
  76  32:43  Spawning Pool  
  71  32:45  Drone  
  71  32:46  Drone  
  71  32:47  Drone  
  63  32:53  Drone  
  63  32:54  Drone x3  
  46  33:02  Drone x4  
  46  33:03  Drone  
  39  33:09  Drone x3  
  33  33:13  Drone x2  
  32  33:25  Drone  
  29  33:32  Zergling x2  
  22  33:36  Baneling Nest  
Tags
 
Matchup
TvZ
Opening
Pool First
Spawn Locations
Cross Positions
Add a new tag
Caveats
  • Supply blocks, unpowered buildings, or Contaminate may cause inaccurate times.
  • Supply counts are checked every 10 seconds.